 Dungeon Crawl Stone Soup version 0.19.0-23-gf02e663 (webtiles) character file.

74 tboon the Shield-Bearer (level 4, -2/41 HPs)
             Began as a Minotaur Fighter on Nov 20, 2016.
             Slain by tboon's ghost (7 damage)
             ... on level 3 of the Dungeon.
             The game lasted 00:02:38 (1701 turns).

tboon the Shield-Bearer (Minotaur Fighter)          Turns: 1701, Time: 00:02:38

Health: -2/41      AC:  7    Str: 25    XL:     4   Next: 10%
Magic:  3/3        EV:  7    Int:  6    God:
Gold:   126        SH: 10    Dex: 10    Spells: 0 memorised, 3 levels left

rFire  . . .     SeeInvis .     a - +0 war axe
rCold  . . .     Gourm    .     b - +0 scale mail
rNeg   . . .     Faith    .     c - +0 shield
rPois  .         Spirit   .     (helmet restricted)
rElec  .         Reflect  .     (no cloak)
rCorr  .         Harm     .     (no gloves)
MR     .....                    (no boots)
Stlth  ..........               (no amulet)
                                (no ring)
                                (no ring)

@: mighty, slowed, very slow
A: retaliatory headbutt, horns 2
a: no special abilities


You were on level 3 of the Dungeon.
You were not hungry.

You visited 1 branch of the dungeon, and saw 3 of its levels.

You collected 126 gold pieces.

Inventory:

Hand Weapons
 a - a +0 war axe (weapon)
Armour
 b - a +0 scale mail (worn)
 c - a +0 shield (worn)
 y - a +0 pair of gloves
   (You found it on level 2 of the Dungeon)
Jewellery
 t - a +4 ring of slaying {unknown}
   (You found it on level 2 of the Dungeon)
 x - an uncursed ring of flight {unknown}
   (You found it on level 2 of the Dungeon)
Scrolls
 e - 3 scrolls of enchant weapon {unknown}
 h - 3 scrolls of teleportation {unknown}
 k - a scroll of magic mapping {unknown}
 o - 4 scrolls of identify {unknown}
 q - a scroll of immolation {unknown}
 r - a scroll of recharging {unknown}
 u - 2 scrolls of remove curse {unknown}
 v - 3 scrolls of enchant armour {unknown}
Potions
 g - a potion of invisibility {unknown}
 i - a potion of haste {unknown}
 j - 2 potions of curing {unknown}
 l - a potion of flight {unknown}
 p - a potion of brilliance {unknown}
 w - a potion of ambrosia {unknown}
Comestibles
 f - 3 bread rations
 m - a chunk of flesh
 n - a slice of pizza
 s - 3 meat rations


   Skills:
 + Level 4.3 Fighting
 + Level 3.0 Axes
 + Level 4.0 Armour
 + Level 4.8 Shields


You had 3 spell levels left.
You didn't know any spells.

Dungeon Overview and Level Annotations

Branches:
Dungeon (3/15)

Altars:

Annotations:
D:3 tboon's ghost, amateur MiFi


Innate Abilities, Weirdness & Mutations

You reflexively headbutt those who attack you in melee.
You have a pair of horns on your head.


Message History

The kobold is moderately wounded.
The kobold hits you.
You hit the kobold.
You kill the kobold!
No target in view!
A rat comes into view.
Found a mace.
Found a stone staircase leading down.
A rat is nearby!
There is a stone staircase leading up, spattered with blood here.
The rat bites you but does no damage.
Your shield and scale mail prevent you from hitting the rat.
You headbutt the rat.
You kill the rat!
No target in view!
v - 3 scrolls labeled JONICRU TOJI (gained 1)
You now have 126 gold pieces (gained 11).
You see here a dagger.
A goblin comes into view. It is wielding a dagger.
The goblin shouts!
The goblin moves out of view.
The goblin is too close now for your liking.
The goblin hits you but does no damage.
You closely miss the goblin. Your headbutt misses the goblin.
You block the goblin's attack.
A kobold comes into view. It is wielding a dagger.
Your scale mail prevents you from hitting the goblin.
The kobold shouts!
You headbutt the goblin.
You kill the goblin!
The kobold throws a stone.
The stone hits you but does no damage.
Things that are here:
a dagger; a goblin corpse A hobgoblin comes into view.
It is wielding a club.
The hobgoblin shouts!
A rat comes into view.
The kobold closely misses you. You furiously retaliate!
You headbutt the kobold.
You kill the kobold!
The teleport trap disappears.
The rat disappears!
A rat comes into view.
Things that are here:
a dagger; 3 stones The hobgoblin hits you but does no damage.
You closely miss the hobgoblin. You block the hobgoblin's attack.
You slash the hobgoblin!
You kill the hobgoblin!
You block the rat's attack.
You hit the rat.
You kill the rat!
No target in view!
Things that are here:
a dagger; 3 stones
Things that are here:
a dagger; a goblin corpse You butcher the goblin corpse.
m - a chunk of flesh You see here a dagger.
s - 3 meat rations (gained 1) Marking area around Natasha as unsafe for travelling.
A player ghost and Natasha come into view.
Natasha hisses angrily.
Tboon's ghost turns its malevolent gaze towards you.
You see here 8 silver tomahawks.
Natasha stares at you and mumbles some strange words.
You feel yourself slow down.
You closely miss the rat. You block the rat's attack.
The rat barely misses you.
You hit the rat.
You kill the rat!
Tboon's ghost closely misses you. Tboon's ghost hits you.
Your shield and scale mail prevent you from hitting Natasha.
Your headbutt misses Natasha. You hit tboon's ghost but do no damage.
You block Natasha's attack. Tboon's ghost hits you! Natasha claws you.
Tboon's ghost hits you.
* * * LOW HITPOINT WARNING * * *
You feel very mighty all of a sudden. You block Natasha's attack.
You block tboon's ghost's attack. Natasha claws you.
* * * LOW HITPOINT WARNING * * *
You hit tboon's ghost.
Tboon's ghost is lightly damaged.
You barely miss Natasha. You block tboon's ghost's attack. Natasha claws you.
* * * LOW HITPOINT WARNING * * *
Tboon's ghost barely misses you. Natasha closely misses you.
You barely miss tboon's ghost. Your headbutt misses tboon's ghost.
Tboon's ghost is lightly damaged.
You hit Natasha. You block tboon's ghost's attack. You block Natasha's attack.
You block tboon's ghost's attack.
Natasha casts a spell.
You slash tboon's ghost! Your headbutt misses tboon's ghost.
Tboon's ghost is moderately damaged.
You slash Natasha!
You kill Natasha!
Natasha yowls pathetically as she dies!
The white imp disappears in a puff of smoke!
Your Axes skill increases to level 3!
Your Armour skill increases to level 4!
You have reached level 4!
You feel agile. You block tboon's ghost's attack. Tboon's ghost hits you!
You die...

........#.#.........#
....................#
?.%.....#W......<...#
.......).>......r...##
.......(........##....
......##..###......#
.....##...###......###
######W.......<)......
#@†....##.....)###
#...§...#......### .
#.......#.........
....#.......###.######
......).)..)(...#
......###########
......# ....### ....


You could see tboon's ghost.

Vanquished Creatures
  Natasha (D:3)
  A dart slug (D:1)
  2 leopard geckos (D:1)
  A giant cockroach (D:1)
  7 hobgoblins
  4 jackals (D:2)
  A ball python (D:1)
  2 bats
  2 frilled lizards
  8 goblins
  9 kobolds
  7 rats
45 creatures vanquished.

Notes
Turn   | Place    | Note
-------+----------+-------------------------------------------
     0 | D:1      | tboon the Minotaur Fighter began the quest for the Orb.
     0 | D:1      | Reached XP level 1. HP: 19/19 MP: 0/0
   106 | D:1      | Reached skill level 4 in Shields
   136 | D:1      | Reached XP level 2. HP: 26/27 MP: 1/1
   521 | D:1      | Reached skill level 4 in Fighting
   550 | D:1      | Reached XP level 3. HP: 33/33 MP: 2/2
  1690 | D:3      | Noticed Natasha
  1690 | D:3      | Noticed tboon's ghost (amateur MiFi)
  1697 | D:3      | HP: 8/33 [tboon's ghost (2)]
  1701 | D:3      | Killed Natasha
  1701 | D:3      | Reached skill level 3 in Axes
  1701 | D:3      | Reached skill level 4 in Armour
  1701 | D:3      | Reached XP level 4. HP: 5/41 MP: 3/3
  1701 | D:3      | Slain by tboon's ghost

Skill      XL: |  1  2  3 |
---------------+----------+-----
Shields        | 4 |  4.8
Fighting       | 4 |  4.3
Axes           | 3 |  3.0
Armour         | 4 |  4.0

Action                   |  1- 3 |  4- 6 || total
-------------------------+-------+-------++-------
Melee: War axe           |    91 |       ||    91
       Headbutt          |    12 |       ||    12
  Use: Potion            |     1 |       ||     1
  Eat: Royal jelly       |     1 |       ||     1
       Chunk             |     1 |       ||     1
Armor: Scale mail        |    39 |       ||    39
Dodge: Dodged            |    33 |       ||    33
Block: Shield            |    53 |     1 ||    54

Vault maps used:
D:1:      dpeg_arrival_rhombi
D:2:      first_bread
D:3:      lemuel_zombie_altar_kikubaaqudgha, tgw_fedhas, uniq_iyjb, uniq_natasha

Table legend:
 A = Turns spent in this place as a percentage of turns spent in the entire game.
 B = Non-inter-level travel turns spent in this place as a percentage of non-inter-level travel turns spent in the entire game.
 C = Inter-level travel turns spent in this place as a percentage of turns spent in this place.
 D = Turns resting spent in this place as a percentage of non-inter-level travel turns spent in this place.
 E = Turns spent auto-exploring this place as a percentage of non-inter-level travel turns spent in this place.
 F = Non-inter-level travel turns spent in this place divided by the number of levels of this place that you've seen.
                   A       B       C       D       E      F
               +-------+-------+-------+-------+-------+----------------------
         Total | 100.0 | 100.0 |   1.1 |   0.0 |  23.0 |  91.3
       Dungeon | 100.0 | 100.0 |   1.1 |   0.0 |  23.0 |  91.3
               +-------+-------+-------+-------+-------+----------------------

Table legend:
 A = Kills in this place as a percentage of kills in entire the game.
 B = Kills by you in this place as a percentage of kills by you in the entire game.
 C = Kills by friends in this place as a percentage of kills by friends in the entire game.
 D = Other kills in this place as a percentage of other kills in the entire game.
 E = Experience gained in this place as a percentage of experience gained in the entire game.
 F = Experience gained in this place divided by the number of levels of this place that you have seen.
                   A       B       C       D       E      F
               +-------+-------+-------+-------+-------+----------------------
         Total | 100.0 | 100.0 |  -nan |  -nan | 100.0 |  35.7
       Dungeon | 100.0 | 100.0 |  -nan |  -nan | 100.0 |  35.7
               +-------+-------+-------+-------+-------+----------------------
